 Dungeon Crawl Stone Soup version 0.22-a0-69-g116c2a8 (webtiles) character file.

33 KristoblXynda the Slasher (level 3, -8/32 HPs)
             Began as a Naga Gladiator on Jan 11, 2018.
             Killed by divine providence
             ... invoked by an orc priest
              (17 damage)
             ... on level 2 of the Dungeon.
             The game lasted 00:01:28 (1351 turns).

KristoblXynda the Slasher (Naga Gladiator)          Turns: 1351, Time: 00:01:30

Health: -8/32      AC:  3    Str: 21    XL:     3   Next: 29%
Magic:  3/3        EV: 10    Int:  9    God:
Gold:   27         SH:  3    Dex: 12    Spells: 2/2 levels left

rFire    . . .     SeeInvis +   a - +0 long sword
rCold    . . .     Gourm    .   i - +0 buckler
rNeg     . . .     Faith    .   b - +0 leather armour
rPois    +         Spirit   .   c - +0 helmet
rElec    .         Reflect  .   (no cloak)
rCorr    .         Harm     .   (no gloves)
MR       .....                  (no barding)
Stlth    +.........             (no amulet)
HPRegen  0.10/turn              (no ring)
MPRegen  0.08/turn              (no ring)

@: mighty, short of breath, very slow
A: large, see invisible, deformed body, poison resistance, slowness 2, slow
metabolism 1, spit poison 1, AC +1
a: Spit Poison


You were on level 2 of the Dungeon.
You were hungry.

You visited 1 branch of the dungeon, and saw 2 of its levels.

You collected 27 gold pieces.

Inventory:

Hand Weapons
 a - a +0 long sword (weapon)
Missiles
 d - 5 throwing nets (quivered)
Armour
 b - a +0 leather armour (worn)
 c - a +0 helmet (worn)
 i - a +0 buckler (worn)
Scrolls
 e - 2 scrolls of teleportation {unknown}
 g - 3 scrolls of identify {unknown}
 j - 3 scrolls of enchant armour {unknown}
 k - 2 scrolls of noise {unknown}
 l - a scroll of amnesia {unknown}
Comestibles
 f - 2 rations


   Skills:
 - Level 2.0 Fighting
 + Level 3.4 Long Blades
 - Level 2.0 Throwing
 + Level 2.8 Dodging
 + Level 0.6 Shields


You had 2 spell levels left.
You didn't know any spells.

Dungeon Overview and Level Annotations

Branches:
Dungeon (2/15)

Altars:


Innate Abilities, Weirdness & Mutations

You cannot wear boots.
Your serpentine skin is tough. (AC +1)
You have supernaturally acute eyesight. (SInv)
Armour fits poorly on your strangely shaped body.
Your system is resistant to poisons. (rPois)
You cover ground very slowly.
You have a slow metabolism.
You can spit poison.


Message History

Things that are here:
a trident; a black potion; an orc corpse The orc priest shouts!
You hit the orc but do no damage. The orc hits you with a whip.
The goblin barely misses you. The orc hits you with a whip.
You see here a ring mail.
The orc hits you with a whip.
* * * LOW HITPOINT WARNING * * *
Press: ? - help, Shift-Dir - straight line The splash of poison hits the orc.
The orc appears unharmed.
You feel slightly more hungry. The orc barely misses you.
Unknown command.
It was a potion of might.
You feel very mighty all of a sudden. You block the orc's attack.
The orc priest mumbles some strange prayers to Beogh against you.
Beogh smites you!
Ouch! That really hurt!
You die...

##.# #######.# ...#
##.#.....# .
#######.#..######### ..
#....###.##......#####...
#...## ##...####.........
#..## ##..#............
#...## ##)..#.##.).......
#....###.#..#.##o###.#...
#####.#.##....@og# # .
##.###.##.#### #.# #.##.#
##### #.###.##.# ....#
#........# ..#<#
######.####
#.#.###......#
#........##### ###.###.##


You could see an orc priest, an orc and a goblin.

Vanquished Creatures
  An ooze (D:1)
  A worm (D:2)
  2 leopard geckos (D:1)
  2 orcs (D:2)
  2 giant cockroaches (D:1)
  3 hobgoblins
  6 bats
  2 kobolds (D:1)
  4 rats (D:1)
23 creatures vanquished.

Notes
Turn   | Place    | Note
-------+----------+-------------------------------------------
     0 | D:1      | KristoblXynda the Naga Gladiator began the quest for the Orb.
     0 | D:1      | Reached XP level 1. HP: 19/19 MP: 1/1
   308 | D:1      | Reached XP level 2. HP: 26/26 MP: 2/2
  1043 | D:2      | Reached XP level 3. HP: 13/32 MP: 3/3
  1351 | D:2      | Killed from afar by an orc priest

Vault maps used:
D:1:      erik_arrival_blinker_ship, minmay_pentomino_t2

Skill      XL: |  1 |
---------------+----+-----
Throwing       | 2 |  2.0
Fighting       | |  2.0
Long Blades    | |  3.4
Dodging        | |  2.8
Shields        | |  0.6

Action                   || total
-------------------------++-------
Melee: Long sword        ||    69
 Abil: Spit Poison       ||     1
  Use: Potion            ||     1
Armor: Leather armour    ||    26
Dodge: Dodged            ||    48
Block: Buckler           ||     9
       Rpst.: Long sword ||    16

Table legend:
 A = Spawn XP
 B = Non-spawn XP
 C = Spawn XP percentage of total XP
 D = Spawn monster count
 E = Non-spawn monster count
 F = Spawn count percentage of total count
 G = Total turns spent on level
                    A         B        C        D         E        F      G
               +---------+---------+-------+---------+---------+-------+---------
         Total |       0 |      48 |   0.0 |       0 |      23 |   0.0 |  1351
               +---------+---------+-------+---------+---------+-------+---------
           D:1 |       0 |      33 |   0.0 |       0 |      17 |   0.0 |  1016
           D:2 |       0 |      15 |   0.0 |       0 |       6 |   0.0 |   335
               +---------+---------+-------+---------+---------+-------+---------
